TOP OF THE 1ST |
San Antonio Missions batting - Pitching for Memphis Blues : RHP Francisco Reyes
|
Pitching: RHP Francisco Reyes
|
|
Batting: RHB Ivan Calderon
|
0-0: Swinging Strike 0-1: Fly out, F9 (Line Drive, 9, EV 100.6 MPH)
|
Batting: RHB Amos Lewis
|
0-0: Ball 1-0: Called Strike 1-1: Foul Ball, location: 2F 1-2: Ground out 6-3 (Groundball, 6S, EV 88.8 MPH)
|
Batting: RHB Ed Hearn
|
0-0: Called Strike 0-1: Ball 1-1: Foul Ball, location: 2F 1-2: Foul Ball, location: 2F 1-2: Ball 2-2: Fly out, F4 (Popup, 4, EV 66.3 MPH)
|
Top of the 1st over - 0 runs, 0 hits, 0 errors, 0 left on base; San Antonio 0 - Memphis 0 |
BOTTOM OF THE 1ST |
Memphis Blues batting - Pitching for San Antonio Missions : RHP William Fewox
|
Pitching: RHP William Fewox
|
|
Batting: RHB Mariano Duncan
|
0-0: Ball 1-0: Foul Ball, location: 2F 1-1: Foul Ball, location: 2F 1-2: Strikes out swinging
|
Batting: RHB Augustine Garrett
|
0-0: Ground out 5-3 (Groundball, 56, EV 90.6 MPH)
|
Batting: LHB David Christianson
|
0-0: Ball 1-0: Ball 2-0: Ball 3-0: Called Strike 3-1: Foul Ball, location: 2F 3-2: Base on Balls
|
Batting: RHB Chris James
|
0-0: Ball 1-0: 2-RUN HOME RUN (Line Drive, 7D, EV 101.9 MPH), Distance : 384 ft
|
Batting: RHB Randy Filkins
|
0-0: Called Strike 0-1: Called Strike 0-2: Strikes out swinging
|
Bottom of the 1st over - 2 runs, 1 hit, 0 errors, 0 left on base; San Antonio 0 - Memphis 2 |
TOP OF THE 2ND |
San Antonio Missions batting - Pitching for Memphis Blues : RHP Francisco Reyes
|
Batting: RHB Larry Hamilton
|
0-0: Called Strike 0-1: Swinging Strike 0-2: Ground out 5-3 (Groundball, 5L, EV 85.0 MPH)
|
Batting: LHB Lee Pruitt
|
0-0: Called Strike 0-1: Ball 1-1: Ball 2-1: Ball 3-1: Base on Balls
|
Batting: RHB Jack Clark
|
0-0: Called Strike 0-1: Ball 1-1: Called Strike 1-2: Ball 2-2: Foul Ball, location: 2F 2-2: Ball 3-2: Base on Balls Lee Pruitt to second
|
Batting: LHB Jerold Johnston
|
0-0: Ball 1-0: Called Strike 1-1: Ball 2-1: Foul Ball, location: 2F 2-2: Ball 3-2: Grounds into double play, U3-6 (Groundball, 3L, EV 80.6 MPH)
|
Top of the 2nd over - 0 runs, 0 hits, 0 errors, 1 left on base; San Antonio 0 - Memphis 2 |
BOTTOM OF THE 2ND |
Memphis Blues batting - Pitching for San Antonio Missions : RHP William Fewox
|
Batting: LHB Don Jacoby
|
0-0: Ball 1-0: Called Strike 1-1: Ball 2-1: Fly out, F8 (Flyball, 89D, EV 95.0 MPH)
|
Batting: RHB Dave Penniall
|
0-0: Called Strike 0-1: Ball 1-1: Ball 2-1: Ball 3-1: Foul Ball, location: 2F 3-2: Base on Balls
|
Batting: RHB Bradley Shames
|
0-0: Ball Wild Pitch! Dave Penniall to second 1-0: Swinging Strike 1-1: Called Strike 1-2: Strikes out swinging
|
Batting: RHB William Muth
|
0-0: Ball 1-0: Foul Ball, location: 2F 1-1: Ball 2-1: Swinging Strike 2-2: Ball 3-2: Strikes out swinging
|
Bottom of the 2nd over - 0 runs, 0 hits, 0 errors, 1 left on base; San Antonio 0 - Memphis 2 |
TOP OF THE 3RD |
San Antonio Missions batting - Pitching for Memphis Blues : RHP Francisco Reyes
|
Batting: LHB Matt Nokes
|
0-0: Called Strike 0-1: Swinging Strike 0-2: Ground out 4-3 (Groundball, 4, EV 89.4 MPH)
|
Batting: RHB Archie Amerson
|
0-0: Called Strike 0-1: Swinging Strike 0-2: Strikes out swinging
|
Batting: RHB Ivan Calderon
|
0-0: Ball 1-0: Ball 2-0: Fly out, F3 (Flyball, 34D, EV 88.8 MPH)
|
Top of the 3rd over - 0 runs, 0 hits, 0 errors, 0 left on base; San Antonio 0 - Memphis 2 |
BOTTOM OF THE 3RD |
Memphis Blues batting - Pitching for San Antonio Missions : RHP William Fewox
|
Batting: RHB Mariano Duncan
|
0-0: Ball 1-0: Ground out U3 (Groundball, 34S, EV 81.3 MPH)
|
Batting: RHB Augustine Garrett
|
0-0: Ball 1-0: Foul Ball, location: 2F 1-1: Ground out 6-3 (Groundball, 6MD, EV 86.3 MPH)
|
Batting: LHB David Christianson
|
0-0: Ball 1-0: Foul Ball, location: 2F 1-1: Called Strike 1-2: Strikes out swinging
|
Bottom of the 3rd over - 0 runs, 0 hits, 0 errors, 0 left on base; San Antonio 0 - Memphis 2 |
TOP OF THE 4TH |
San Antonio Missions batting - Pitching for Memphis Blues : RHP Francisco Reyes
|
Batting: RHB Amos Lewis
|
0-0: Ball 1-0: Called Strike 1-1: Ball 2-1: Foul Ball, location: 2F 2-2: Ball 3-2: Strikes out swinging
|
Batting: RHB Ed Hearn
|
0-0: Ball 1-0: Ground out 3-1 (Groundball, 34, EV 100.6 MPH)
|
Batting: RHB Larry Hamilton
|
0-0: Called Strike 0-1: Fly out, F7 (Flyball, 78XD, EV 100.0 MPH)
|
Top of the 4th over - 0 runs, 0 hits, 0 errors, 0 left on base; San Antonio 0 - Memphis 2 |
BOTTOM OF THE 4TH |
Memphis Blues batting - Pitching for San Antonio Missions : RHP William Fewox
|
Batting: RHB Chris James
|
0-0: Ball 1-0: Ball 2-0: Called Strike 2-1: Fly out, F4 (Line Drive, 4, EV 72.5 MPH)
|
Batting: RHB Randy Filkins
|
0-0: Fly out, F9 (Line Drive, 9, EV 98.8 MPH)
|
Batting: LHB Don Jacoby
|
0-0: Ball 1-0: Called Strike 1-1: Ball 2-1: SINGLE (Flyball, 7LS, EV 94.4 MPH)
|
Batting: RHB Dave Penniall
|
0-0: Ball 1-0: Called Strike 1-1: Swinging Strike 1-2: Ball 2-2: Strikes out swinging
|
Bottom of the 4th over - 0 runs, 1 hit, 0 errors, 1 left on base; San Antonio 0 - Memphis 2 |
TOP OF THE 5TH |
San Antonio Missions batting - Pitching for Memphis Blues : RHP Francisco Reyes
|
Batting: LHB Lee Pruitt
|
0-0: Ball 1-0: Called Strike 1-1: Ball 2-1: Ball 3-1: Called Strike 3-2: Base on Balls
|
Batting: RHB Jack Clark
|
0-0: Ball 1-0: Ball 2-0: Ball 3-0: Called Strike 3-1: Grounds into double play, 6-4-3 (Groundball, 6S, EV 89.4 MPH)
|
Batting: LHB Jerold Johnston
|
0-0: Ball 1-0: Ball 2-0: Ball 3-0: Base on Balls
|
Batting: LHB Matt Nokes
|
0-0: Foul Ball, location: 2F 0-1: Ball Jerold Johnston is caught stealing 2nd base 2-6
|
Top of the 5th over - 0 runs, 0 hits, 0 errors, 0 left on base; San Antonio 0 - Memphis 2 |
BOTTOM OF THE 5TH |
Memphis Blues batting - Pitching for San Antonio Missions : RHP William Fewox
|
Batting: RHB Bradley Shames
|
0-0: Called Strike 0-1: Called Strike 0-2: Strikes out swinging
|
Batting: RHB William Muth
|
0-0: Ground out 6-3 (Groundball, 6, EV 83.1 MPH)
|
Batting: RHB Mariano Duncan
|
0-0: Ball 1-0: Ground out 6-3 (Groundball, 6S, EV 85.6 MPH)
|
Bottom of the 5th over - 0 runs, 0 hits, 0 errors, 0 left on base; San Antonio 0 - Memphis 2 |
TOP OF THE 6TH |
San Antonio Missions batting - Pitching for Memphis Blues : RHP Francisco Reyes
|
Batting: LHB Matt Nokes
|
0-0: Ball 1-0: Called Strike 1-1: Ball 2-1: Ball 3-1: Called Strike 3-2: SINGLE (Line Drive, 89S, EV 100.0 MPH)
|
Batting: RHB Archie Amerson
|
0-0: Ball 1-0: Ball 2-0: Ball 3-0: Called Strike 3-1: Foul Ball, location: 2F 3-2: Foul Ball, location: 2F 3-2: Fielders Choice at 2nd, U6 (Groundball, 4M, EV 80.6 MPH)
|
Batting: RHB Ivan Calderon
|
0-0: Ball 1-0: Swinging Strike 1-1: Swinging Strike 1-2: Foul Ball, location: 2F 1-2: Strikes out swinging
|
Batting: RHB Amos Lewis
|
0-0: Called Strike 0-1: Ball 1-1: Foul Ball, location: 2F 1-2: Ball 2-2: Ball 3-2: Fly out, F7 (Flyball, 7S, EV 84.4 MPH)
|
Top of the 6th over - 0 runs, 1 hit, 0 errors, 1 left on base; San Antonio 0 - Memphis 2 |
BOTTOM OF THE 6TH |
Memphis Blues batting - Pitching for San Antonio Missions : RHP William Fewox
|
Batting: RHB Augustine Garrett
|
0-0: Fly out, F8 (Line Drive, 8RD, EV 98.1 MPH)
|
Batting: LHB David Christianson
|
0-0: Called Strike 0-1: Called Strike 0-2: Ball 1-2: Ball 2-2: Fly out, F8 (Line Drive, 8RM, EV 90.0 MPH)
|
Batting: RHB Chris James
|
0-0: Called Strike 0-1: Called Strike 0-2: Ground out 5-3 (Groundball, 56, EV 105.6 MPH)
|
Bottom of the 6th over - 0 runs, 0 hits, 0 errors, 0 left on base; San Antonio 0 - Memphis 2 |
TOP OF THE 7TH |
San Antonio Missions batting - Pitching for Memphis Blues : RHP Francisco Reyes
|
Batting: RHB Ed Hearn
|
0-0: Swinging Strike 0-1: Swinging Strike 0-2: Ball 1-2: Strikes out swinging
|
Batting: RHB Larry Hamilton
|
0-0: Called Strike 0-1: Ball 1-1: Ball 2-1: Foul Ball, location: 2F 2-2: Foul Ball, location: 2F 2-2: DOUBLE (Flyball, 8LXD, EV 90.0 MPH)
|
Batting: LHB Lee Pruitt
|
0-0: Swinging Strike 0-1: Foul Ball, location: 2F 0-2: Strikes out looking
|
Batting: RHB Jack Clark
|
0-0: Foul Ball, location: 2F 0-1: Swinging Strike 0-2: Ball 1-2: Foul Ball, location: 2F 1-2: Fly out, F7 (Flyball, 7D, EV 99.4 MPH)
|
Top of the 7th over - 0 runs, 1 hit, 0 errors, 1 left on base; San Antonio 0 - Memphis 2 |
BOTTOM OF THE 7TH |
Memphis Blues batting - Pitching for San Antonio Missions : RHP William Fewox
|
Batting: RHB Randy Filkins
|
0-0: Swinging Strike 0-1: Foul Ball, location: 2F 0-2: Ball 1-2: Fly out, F8 (Line Drive, 8RD, EV 102.5 MPH)
|
Batting: LHB Don Jacoby
|
0-0: Called Strike 0-1: Swinging Strike 0-2: Ball 1-2: Ball 2-2: Strikes out swinging
|
Batting: RHB Dave Penniall
|
0-0: Called Strike 0-1: Ground out 3-1 (Groundball, 34, EV 107.5 MPH)
|
Bottom of the 7th over - 0 runs, 0 hits, 0 errors, 0 left on base; San Antonio 0 - Memphis 2 |
TOP OF THE 8TH |
San Antonio Missions batting - Pitching for Memphis Blues : RHP Francisco Reyes
|
Batting: LHB Jerold Johnston
|
0-0: Swinging Strike 0-1: Foul Ball, location: 2F 0-2: Ball 1-2: SOLO HOME RUN (Flyball, 89XD, EV 94.4 MPH), Distance : 392 ft
|
Batting: LHB Matt Nokes
|
0-0: SOLO HOME RUN (Flyball, 9D, EV 94.4 MPH), Distance : 368 ft
|
Batting: RHB Archie Amerson
|
0-0: Ball 1-0: Swinging Strike 1-1: Fly out, F9 (Flyball, 89M, EV 85.6 MPH)
|
Batting: RHB Ivan Calderon
|
0-0: Foul Ball, location: 2F 0-1: Swinging Strike 0-2: Strikes out swinging
|
Batting: RHB Amos Lewis
|
0-0: Ground out 6-3 (Groundball, 6, EV 98.8 MPH)
|
Top of the 8th over - 2 runs, 2 hits, 0 errors, 0 left on base; San Antonio 2 - Memphis 2 |
BOTTOM OF THE 8TH |
Memphis Blues batting - Pitching for San Antonio Missions : RHP William Fewox
|
Batting: RHB Bradley Shames
|
0-0: Ball 1-0: Foul Ball, location: 2F 1-1: Fly out, F6 (Line Drive, 6, EV 74.4 MPH)
|
Batting: RHB William Muth
|
0-0: Called Strike 0-1: Swinging Strike 0-2: Ball 1-2: SINGLE (Groundball, 6D, EV 96.9 MPH)
|
Batting: RHB Mariano Duncan
|
0-0: Ball 1-0: Fielders Choice at 2nd, 6-4 (Groundball, 6, EV 78.1 MPH)
|
Batting: RHB Augustine Garrett
|
0-0: Ball Wild Pitch! Mariano Duncan to second 1-0: Swinging Strike 1-1: Foul Ball, location: 2F 1-2: Foul Ball, location: 2F 1-2: Foul Ball, location: 2F 1-2: Ground out 6-3 (Groundball, 6, EV 85.6 MPH)
|
Bottom of the 8th over - 0 runs, 1 hit, 0 errors, 1 left on base; San Antonio 2 - Memphis 2 |
TOP OF THE 9TH |
San Antonio Missions batting - Pitching for Memphis Blues : RHP Francisco Reyes
|
Pitching: RHP Mark Huismann
|
|
Batting: RHB Ed Hearn
|
0-0: SINGLE (Groundball, 56D, EV 105.6 MPH)
|
Pinch Runner at 1st Jose Moreno:
|
|
Batting: RHB Larry Hamilton
|
0-0: Ball 1-0: Swinging Strike 1-1: Foul Ball, location: 2F 1-2: Foul Ball, location: 2F 1-2: Strikes out swinging
|
Batting: LHB Lee Pruitt
|
0-0: Ball 1-0: Called Strike 1-1: Foul Ball, location: 2F 1-2: Fielders Choice at 2nd, 3-6 (Groundball, 34, EV 77.5 MPH)
|
Pinch Hitting: RHB Andrew Walker
|
0-0: Ball 1-0: Ball 2-0: Ball 3-0: Called Strike 3-1: Base on Balls Lee Pruitt to second
|
Batting: LHB Jerold Johnston
|
0-0: Foul Ball, location: 2F 0-1: Ball Wild Pitch! Lee Pruitt to third Andrew Walker to second 1-1: Intentional Walk
|
Batting: LHB Matt Nokes
|
0-0: Called Strike 0-1: Ball 1-1: Fly out, F8 (Flyball, 89D, EV 103.8 MPH)
|
Top of the 9th over - 0 runs, 1 hit, 0 errors, 3 left on base; San Antonio 2 - Memphis 2 |
BOTTOM OF THE 9TH |
Memphis Blues batting - Pitching for San Antonio Missions : RHP William Fewox
|
Pitching: RHP James Herring
|
|
Now at 3B: Jose Moreno
|
|
Now in CF: Steven Fortune
|
|
Batting: LHB David Christianson
|
0-0: Ground out 6-3 (Groundball, 6, EV 83.8 MPH)
|
Batting: RHB Chris James
|
0-0: Swinging Strike 0-1: Ball 1-1: Fly out, F6 (Popup, 6, EV 58.1 MPH)
|
Batting: RHB Randy Filkins
|
0-0: Called Strike 0-1: Foul Ball, location: 2F 0-2: Ground out 6-3 (Groundball, 6M, EV 85.6 MPH)
|
Bottom of the 9th over - 0 runs, 0 hits, 0 errors, 0 left on base; San Antonio 2 - Memphis 2 |
TOP OF THE 10TH |
San Antonio Missions batting - Pitching for Memphis Blues : RHP Mark Huismann
|
Pitching: RHP Mark Humphrey
|
|
Batting: RHB Archie Amerson
|
0-0: Foul Ball, location: 2F 0-1: Ball 1-1: Swinging Strike 1-2: Ball 2-2: Ball 3-2: Foul Ball, location: 2F 3-2: Strikes out swinging
|
Batting: RHB Ivan Calderon
|
0-0: Foul Ball, location: 2F 0-1: Foul Ball, location: 2F 0-2: Ball 1-2: DOUBLE (Flyball, 7LM, EV 92.5 MPH)
|
Pinch Hitting: SHB Wallace Johnson
|
0-0: Fly out, F5 (Line Drive, 5, EV 75.0 MPH)
|
Batting: SHB Jose Moreno
|
0-0: Called Strike 0-1: Swinging Strike 0-2: Strikes out looking
|
Top of the 10th over - 0 runs, 1 hit, 0 errors, 1 left on base; San Antonio 2 - Memphis 2 |
BOTTOM OF THE 10TH |
Memphis Blues batting - Pitching for San Antonio Missions : RHP James Herring
|
Now at 1B: Wallace Johnson
|
|
Batting: LHB Don Jacoby
|
0-0: Swinging Strike 0-1: Foul Ball, location: 2F 0-2: Ball 1-2: Strikes out swinging
|
Batting: RHB Dave Penniall
|
0-0: Called Strike 0-1: Ball 1-1: Foul Ball, location: 2F 1-2: Foul Ball, location: 2F 1-2: Strikes out looking
|
Batting: RHB Bradley Shames
|
0-0: Ball 1-0: Foul Ball, location: 2F 1-1: Called Strike 1-2: Foul Ball, location: 2F 1-2: Ball 2-2: Foul Ball, location: 2F 2-2: Strikes out swinging
|
Bottom of the 10th over - 0 runs, 0 hits, 0 errors, 0 left on base; San Antonio 2 - Memphis 2 |
TOP OF THE 11TH |
San Antonio Missions batting - Pitching for Memphis Blues : RHP Mark Humphrey
|
Batting: RHB Larry Hamilton
|
0-0: Foul Ball, location: 7LSF, Error on foul ball, E7 0-1: Ball 1-1: Ball 2-1: Ball 3-1: Foul Ball, location: 2F 3-2: Base on Balls
|
Batting: LHB Lee Pruitt
|
0-0: Called Strike 0-1: DOUBLE (Line Drive, 89XD, EV 105.6 MPH) Larry Hamilton to third
|
Batting: LHB Steven Fortune
|
0-0: Ball Passed Ball! Larry Hamilton scores Lee Pruitt to third 1-0: Foul Ball, location: 2F 1-1: Ball 2-1: SINGLE (Line Drive, 8LS, EV 100.6 MPH) Lee Pruitt scores
|
Batting: LHB Jerold Johnston
|
0-0: Called Strike 0-1: SINGLE (Line Drive, 7LS, EV 108.1 MPH) Steven Fortune to second
|
Batting: LHB Matt Nokes
|
0-0: Ground out 4-3 (Groundball, 4S, EV 65.6 MPH) Steven Fortune to third Jerold Johnston to second
|
Batting: RHB Archie Amerson
|
0-0: Called Strike 0-1: Ball 1-1: 3-RUN HOME RUN (Flyball, 89XD, EV 101.3 MPH), Distance : 394 ft
|
Pitching: RHP William Purdy
|
|
Batting: RHB Ivan Calderon
|
0-0: Called Strike 0-1: Foul Ball, location: 2F 0-2: Ground out 5-3 (Groundball, 5S, EV 63.8 MPH)
|
Batting: SHB Wallace Johnson
|
0-0: Ball 1-0: Ball 2-0: Ball 3-0: Base on Balls
|
Batting: SHB Jose Moreno
|
0-0: Ball 1-0: Foul Ball, location: 2F 1-1: Fly out, F8 (Flyball, 8LD, EV 101.3 MPH)
|
Top of the 11th over - 5 runs, 4 hits, 1 error, 1 left on base; San Antonio 7 - Memphis 2 |
BOTTOM OF THE 11TH |
Memphis Blues batting - Pitching for San Antonio Missions : RHP James Herring
|
Batting: RHB William Muth
|
0-0: Ball 1-0: Ball 2-0: Fly out, F8 (Flyball, 8RM, EV 75.6 MPH)
|
Batting: RHB Mariano Duncan
|
0-0: Called Strike 0-1: Hit by Pitch
|
Pinch Runner at 1st Darrell Brown:
|
|
Batting: RHB Augustine Garrett
|
0-0: Called Strike 0-1: Foul Ball, location: 2F 0-2: Strikes out looking
|
Batting: LHB David Christianson
|
0-0: Swinging Strike 0-1: Ball 1-1: Ball 2-1: 2-RUN HOME RUN (Flyball, 9D, EV 105.6 MPH), Distance : 352 ft
|
Batting: RHB Chris James
|
0-0: Called Strike 0-1: Foul Ball, location: 2F 0-2: Ball 1-2: Ball 2-2: Foul Ball, location: 2F 2-2: Strikes out swinging
|
Bottom of the 11th over - 2 runs, 1 hit, 0 errors, 0 left on base; San Antonio 7 - Memphis 4 |
|